Map: Automaton LE

Players

Mesrob - Winner!

  • Race: Terran Terran
  • League: Gold
  • Spawn Location: 3:00

SpiriT

  • Race: Zerg Zerg
  • League: Gold
  • Spawn Location: 9:00

VOD

Have the link to the VOD?

Description

Time

  • Played on: Jan. 17, 2019, 1:12 p.m.
  • Length: 14:55
Show
View Real Time Build Order
Export as new Build Order

Mesrob Terran - Winner!

Build Orders: Mech 

Get SALT Encoding   

  12  0:01  SCV  
  13  0:13  SCV  
  14  0:18  Supply Depot  
  14  0:25  SCV  
  15  0:39  SCV  
  15  0:42  Barracks  
  16  0:50  Refinery  
  16  0:52  SCV  
  17  1:12  SCV  
  18  1:24  SCV  
  19  1:37  Command Center  
  19  1:39  Orbital Command  
  19  1:43  Marine  
  20  2:01  Marine, Bunker  
  21  2:09  SCV  
  22  2:17  Factory  
  22  2:21  SCV  
  22  2:24  Barracks Tech Lab  
  22  2:36  Supply Depot  
  22  2:46  SCV  
  23  2:52  Refinery  
  23  2:57  Orbital Command  
  23  2:58  SCV  
  23  2:59  Supply Depot  
  24  3:11  SCV  
  25  3:13  Engineering Bay  
  25  3:15  Siege Tank  
  28  3:22  Supply Depot  
  28  3:23  SCV  
  28  3:47  Hellion  
  30  4:13  Factory Tech Lab  
  30  4:18  SCV  
  31  4:30  Missile Turret, SCV  
  32  4:33  Refinery  
  32  4:34  Siege Tank  
  35  4:42  SCV  
  36  4:46  SCV  
  36  4:52  Missile Turret  
  37  4:58  SCV  
  38  5:09  SCV  
  38  5:10  SCV  
  40  5:17  Factory  
  40  5:20  Missile Turret  
  40  5:21  SCV  
  40  5:22  Command Center, SCV  
  42  5:31  Factory  
  42  5:33  SCV  
  42  5:34  SCV  
  44  5:43  Refinery  
  44  5:46  SCV  
  44  5:47  SCV  
  46  5:51  Siege Tank  
  49  5:58  SCV  
  49  6:00  SCV  
  51  6:10  SCV  
  52  6:12  SCV  
  53  6:21  Supply Depot  
  53  6:22  SCV  
  53  6:24  SCV, Armory  
  55  6:34  SCV  
  56  6:41  Missile Turret  
  56  6:46  Factory Reactor x2  
  56  7:02  Missile Turret  
  56  7:08  Missile Turret  
  56  7:17  Siege Tank  
  59  7:26  Missile Turret  
  59  7:29  Planetary Fortress  
  57  7:44  Missile Turret  
  57  7:48  Missile Turret, Terran Vehicle Weapons Level 1  
  57  8:00  Missile Turret  
  57  8:04  Missile Turret  
  57  8:20  SCV x3  
  57  8:21  Missile Turret  
  57  8:25  Missile Turret  
  60  8:32  SCV x3  
  63  8:42  Hellbat x4, Thor  
  63  8:43  Missile Turret  
  63  8:44  SCV  
  78  8:50  Factory  
  78  8:51  Factory  
  78  8:52  Factory  
  78  9:09  Hellbat x3  
  84  9:18  Supply Depot  
  84  9:24  Missile Turret  
  84  9:29  Missile Turret  
  84  9:34  Factory  
  84  9:36  Factory Tech Lab  
  84  9:37  Factory Tech Lab, Factory Reactor  
  84  9:39  Factory, Thor  
  84  9:40  Hellbat, Supply Depot  
  84  9:42  Factory  
  92  9:47  Refinery  
  92  9:48  Missile Turret  
  92  9:57  Sensor Tower  
  92  9:58  Command Center  
  92  10:02  Hellbat x3  
  92  10:03  Supply Depot  
  92  10:06  Supply Depot  
  98  10:12  Refinery  
  98  10:20  Factory  
  98  10:24  Factory  
  98  10:25  Supply Depot  
  98  10:29  Factory  
  98  10:30  Supply Depot, Sensor Tower, SCV x3  
  101  10:38  Factory Tech Lab  
  101  10:40  Factory Reactor  
  101  10:41  Factory Tech Lab  
  101  10:42  SCV, Thor  
  102  10:43  Thor  
  102  10:45  Hellbat  
  102  10:47  Thor  
  102  10:49  Supply Depot  
  121  10:52  Supply Depot  
  117  11:19  Supply Depot  
  114  11:30  Missile Turret  
  114  11:43  Supply Depot  
  114  11:46  Thor  
  114  11:47  Thor  
  120  11:50  Factory Tech Lab  
  120  11:51  Factory Tech Lab x2  
  120  11:52  Thor  
  132  11:57  Missile Turret  
  132  12:06  Terran Vehicle And Ship Armor Level 1  
  132  12:13  Armory  
  132  12:17  Missile Turret  
  132  12:36  Factory Tech Lab  
  132  12:37  Missile Turret  
  132  12:42  Thor x3  
  150  12:45  Hellbat x3  
  150  12:46  Hellbat x4  
  164  13:00  Missile Turret  
  164  13:01  Supply Depot  
  164  13:20  Missile Turret  
  164  13:23  Hellbat  
  164  13:24  Command Center  
  166  13:28  Supply Depot  
  166  13:30  Sensor Tower  
  166  13:39  Command Center  
  166  13:40  Missile Turret  
  165  13:49  Missile Turret  
  165  13:53  Supply Depot  
  164  13:59  Missile Turret  
  161  14:10  Missile Turret  
  161  14:16  Supply Depot  
  161  14:21  Missile Turret  
  148  14:40  Supply Depot  
Show
View Real Time Build Order
Export as new Build Order

SpiriT Zerg 

Build Orders: Pool First, Muta Ling Bane 

Get SALT Encoding   

  12  0:02  Drone  
  13  0:17  Drone  
  14  0:29  Spawning Pool  
  13  0:36  Drone  
  14  0:43  Extractor  
  14  0:49  Drone  
  14  0:50  Overlord  
  14  1:23  Zergling x4  
  14  1:24  Hatchery  
  15  1:52  Queen  
  17  1:54  Metabolic Boost  
  17  2:05  Zergling x4  
  19  2:36  Drone x4  
  23  2:37  Queen  
  23  2:41  Queen  
  27  2:47  Drone  
  27  3:45  Overlord x3  
  25  4:06  Zergling x4  
  25  4:07  Zergling x12  
  32  4:21  Drone x2  
  34  4:29  Baneling Nest  
  34  4:31  Zergling x10  
  38  4:47  Drone  
  38  4:48  Drone x2  
  38  4:52  Drone x2  
  43  4:59  Overlord  
  43  5:00  Overlord  
  43  5:14  Overlord  
  43  5:23  Lair  
  43  5:25  Baneling x2  
  43  5:26  Hatchery, Baneling x3  
  42  5:29  Drone x2  
  42  5:33  Extractor, Drone  
  43  6:04  Drone x3  
  43  6:06  Drone x2  
  47  6:27  Spire  
  47  6:29  Spore Crawler, Drone x4  
  47  6:31  Drone x2  
  47  6:32  Drone x3  
  54  6:39  Extractor  
  53  6:47  Extractor  
  52  6:49  Zergling x8  
  52  6:50  Zergling x12  
  62  7:13  Queen  
  64  7:16  Drone  
  64  7:17  Drone x2  
  64  7:19  Drone x2  
  69  7:25  Overlord  
  68  7:37  Drone x2  
  68  7:38  Drone x3  
  73  7:49  Mutalisk x2  
  77  7:54  Mutalisk x2  
  77  7:57  Overlord x3  
  81  8:08  Spore Crawler  
  80  8:14  Zerg Flyer Weapons Level 1, Spore Crawler  
  79  8:20  Mutalisk x3  
  79  8:21  Mutalisk  
  87  8:28  Drone x7  
  87  8:29  Drone x2  
  96  8:42  Centrifical Hooks  
  96  8:44  Zergling x2  
  96  8:45  Zergling x14  
  104  8:57  Overlord x3  
  104  9:05  Zergling x2  
  105  9:14  Extractor  
  105  9:15  Extractor, Drone  
  104  9:17  Mutalisk  
  104  9:18  Mutalisk x4  
  114  9:31  Zergling x10  
  116  9:32  Zergling x14, Evolution Chamber  
  116  9:33  Evolution Chamber  
  124  9:43  Drone x2  
  124  9:44  Drone  
  124  9:45  Drone x2  
  129  10:00  Hatchery  
  126  10:12  Zerg Ground Armor Level 1  
  126  10:15  Zerg Melee Weapons Level 1  
  126  10:27  Mutalisk  
  128  10:29  Overlord x4  
  128  10:33  Zergling x2  
  129  10:37  Baneling x3  
  129  10:38  Baneling x4  
  129  10:51  Mutalisk x7  
  135  11:32  Roach Warren  
  130  11:48  Hydralisk Den  
  129  11:54  Baneling x4  
  129  11:55  Baneling x2  
  129  12:11  Infestation Pit  
  129  12:14  Roach x2  
  129  12:15  Roach x15  
  162  12:24  Overlord x3  
  162  12:25  Overlord  
  162  12:31  Muscular Augments  
  162  12:32  Zerg Ground Armor Level 2  
  162  12:33  Zerg Missile Weapons Level 1  
  162  12:37  Glial Reconstitution  
  162  12:47  Hydralisk x9  
  162  12:48  Hydralisk x3  
  186  13:17  Overlord x3  
  186  13:25  Hydralisk x2  
  190  13:28  Overlord x3  
  190  13:35  Hive  
  190  13:42  Grooved Spines  
  152  14:30  Hydralisk  
  152  14:31  Hydralisk x7  
Tags
 
League
GoldGold
Matchup
TvZ
Opening
Pool First
Replay Pack
sc2 replays
Spawn Locations
Cross Positions
Add a new tag
Caveats
  • Supply blocks, unpowered buildings, or Contaminate may cause inaccurate times.
  • Supply counts are checked every 10 seconds.